AoeStats
← MattAtArms

Arabia

503446262Analyzed
1v1 RM · 1mo ago on Aug 31, 2026· 45m 45s· 2 players
Game mode
Random Map
Map size
Tiny (2 player)
Population
200
Speed
Normal
Resources
Standard
Victory
Conquest
Starting age
Dark Age
Ending age
Imperial Age
RankedLock teamsTeams togetherTeam positionsShared explorationLock speedFull tech treeHidden civsTurbo modeCheats
Victory
Defeat
🇩🇪 Bengalis · Germany
1892
+17
🇬🇧 Italians · United Kingdom
1920
-17
Sportfan
5:44 Loom
8:50 Feudal Age
10:00 Double-Bit Axe
10:31 Horse Collar
20:46 Castle Age
18:52 Fletching
19:37 Padded Archer Armor
21:36 Bow Saw
20:54 Elite Skirmisher
21:29 Bodkin Arrow
21:34 Town Watch
22:31 Leather Archer Armor
24:39 Heavy Plow
28:48 Wheelbarrow
31:44 Gold Mining
33:28 Hand Cart
33:50 Gold Shaft Mining
37:17 Imperial Age
35:11 Ballistics
35:22 Scale Barding Armor
35:35 Forging
35:33 Light Cavalry
36:23 Bloodlines
36:14 Husbandry
36:43 Chain Barding Armor
36:43 Stone Mining
37:04 Masonry
37:48 Iron Casting
39:02 Chemistry
38:51 Bracer
40:16 Ring Archer Armor
41:16 Plate Barding Armor
43:36 Blast Furnace
42:06 Elite Battle Elephant
46:36 Crop Rotation
47:07 Two-Man Saw
MattAtArms
6:28 Loom
9:16 Feudal Age
9:45 Double-Bit Axe
9:23 Man-at-Arms
15:16 Fletching
20:16 Castle Age
18:09 Gold Mining
18:30 Padded Archer Armor
18:26 Horse Collar
20:21 Crossbowman
20:59 Bodkin Arrow
21:15 Bow Saw
22:48 Ballistics
25:07 Elite Skirmisher
29:03 Leather Archer Armor
31:20 Wheelbarrow
30:33 Town Watch
36:44 Imperial Age
34:32 Thumb Ring
36:00 Coinage
35:52 Heavy Plow
36:20 Hand Cart
37:34 Bracer
38:36 Chemistry
37:05 Arbalester
38:33 Scale Barding Armor
38:39 Forging
39:05 Masonry
39:26 Conscription
39:52 Chain Barding Armor
41:01 Iron Casting
40:36 Light Cavalry
41:27 Bloodlines
41:54 Plate Barding Armor
41:39 Hussar
42:24 Husbandry
44:51 Blast Furnace
46:07 Ring Archer Armor
Connection lost

Rejoining the realm…

Still unreachable

The connection could not be restored.

Session expired

The server has moved on; the page needs a fresh start.